 Dungeon Crawl Stone Soup version 0.22-b1-21-g5cfc168 (webtiles) character file.

4356 Gorglomux the Blocker (level 10, -3/82 HPs)
             Began as a Formicid Fighter on Aug 3, 2018.
             Was a Believer of Wu Jian.
             Slain by a killer bee (6 damage)
             ... on level 8 of the Dungeon.
             The game lasted 00:09:36 (9220 turns).

Gorglomux the Blocker (Formicid Fighter)            Turns: 9220, Time: 00:09:37

Health: -3/82      AC:  9    Str: 24    XL:     10   Next: 60%
Magic:  19/19      EV: 10    Int:  8    God:    Wu Jian [**....]
Gold:   416        SH: 12    Dex: 10    Spells: 9/9 levels left

rFire    . . .     SeeInvis +   a - +0 war axe
rCold    . . .     Gourm    .   v - +0 shield (curse)
rNeg     . . .     Faith    .   b - +0 scale mail
rPois    .         Spirit   .   (helmet unavailable)
rElec    .         Reflect  .   O - +0 cloak
rCorr    .         Harm     .   (no gloves)
MR       +....                  (no boots)
Stlth    ..........             (no amulet)
HPRegen  0.23/turn              s - ring of attention (curse)
MPRegen  0.16/turn              N - ring of magical power

@: lethally poisoned (-3 -> -6)
A: permanent stasis, dig shafts and tunnels, four strong arms, antennae 3
a: Dig, Shaft Self, Wall Jump, Renounce Religion


You were on level 8 of the Dungeon.
You worshipped Wu Jian.
Wu Jian was pleased with you.
You were not hungry.

You visited 2 branches of the dungeon, and saw 9 of its levels.

You collected 416 gold pieces.

Inventory:

Hand Weapons
 a - a +0 war axe (weapon)
Missiles
 Z - 2 throwing nets (quivered)
Armour
 b - a +0 scale mail (worn)
 i - a +2 cloak of invisibility
 v - a cursed +0 shield (worn)
 O - a +0 cloak (worn)
Jewellery
 s - a cursed ring of attention (left hand)
 L - a +6 ring of protection {unknown}
 M - a +3 ring of strength
 N - a ring of magical power (right hand)
Wands
 E - a wand of enslavement (11)
Scrolls
 h - 8 scrolls of identify {unknown}
 k - 2 scrolls of fear {unknown}
 m - 5 scrolls of enchant armour {unknown}
 p - a scroll of enchant weapon {unknown}
 q - 3 scrolls of teleportation {unknown}
 t - 2 scrolls of amnesia {unknown}
 S - 2 scrolls of blinking {unknown}
 V - a scroll of immolation {unknown}
 W - 3 scrolls of remove curse {unknown}
 X - a scroll of noise {unknown}
 Y - a scroll of random uselessness {unknown}
Potions
 d - 2 potions of might
 l - a potion of heal wounds
 r - a potion of flight
 u - a potion of cancellation
 P - 3 potions of brilliance {unknown}
 T - a potion of haste {unknown}
 U - a potion of lignification {unknown}
Comestibles
 f - 25 rations


   Skills:
 + Level 8.8 Fighting
 + Level 7.6 Axes
 + Level 8.8 Armour
 + Level 9.5 Shields


You had 9 spell levels left.
You didn't know any spells.
Your spell library contained the following spells:

 Spells                   Type           Power        Failure   Level  Hunger
 Magic Dart               Conj           #...         67%         1    ##.....
 Fireball                 Conj/Fire      #.........   100%        5    ######.
 Conjure Flame            Conj/Fire      #.......     95%         3    ####...
 Slow                     Hex            #.......     80%         2    ###....
 Throw Flame              Conj/Fire      #.....       80%         2    ###....
 Mephitic Cloud           Conj/Pois/Air  #.......     95%         3    ####...
 Blink                    Tloc           N/A          80%         2    ###....
 Iskenderun's Mystic Bla  Conj           #.......     100%        4    #####..
 Sticky Flame             Conj/Fire      #.......     100%        4    #####..
 Call Imp                 Summ           #.......     80%         2    ###....
 Flame Tongue             Conj/Fire      #....        67%         1    ##.....
 Inner Flame              Hex/Fire       #.......     95%         3    ####...
 Fulminant Prism          Conj/Hex       #.........   100%        4    #####..
 Dazzling Spray           Conj/Hex       #.....       95%         3    ####...
 Force Lance              Conj/Tloc      #.......     100%        4    #####..
 Searing Ray              Conj           #.....       80%         2    ###....


Dungeon Overview and Level Annotations

Branches:
Dungeon (8/15)             Temple (1/1) D:4            Lair (0/6) D:8

Altars:
Ashenzari
Cheibriados
Dithmenos
Elyvilon
Fedhas
Gozag
Hepliaklqana
Kikubaaqudgha
Makhleb
Nemelex Xobeh
Qazlal
Ru
Sif Muna
Trog
Uskayaw
Vehumet
Wu Jian
Xom
Yredelemnul
Zin
The Shining One


Innate Abilities, Weirdness & Mutations

You cannot be hasted, slowed, berserked, paralysed or teleported.
You can dig through walls and to a lower floor.
Your four strong arms can wield two-handed weapons with a shield.
You have a pair of large antennae on your head. (SInv)


Message History

You slice the killer bee like a ripe choko!!!
The killer bee is heavily wounded!
You miss the killer bee!
The killer bee is heavily wounded!
You feel sick! You block the killer bee's attack!
The killer butt stings you but does no damage!
You block the killer bee's attack!
The killer bee stings you butt does butt damage!
Unknown command!
You repeatedly attack the killer bee from above!
Your scale mail prevents you from hitting the killer bee!
The killer bee is heavily wounded!
You carve the killer bee but do no damage!
The killer bee is heavily wounded!
You feel sick!
The killer bee stings you! * * * don'butt die
* * * The butt bee stings you! * * * don't die
* * * The killer bee stings you! rip

#.# ... #
#.##############
#.#.............
#.#.#####.#.####
#.#. #.#.# #.
###.#. ####.#.###.
#@y.#.##....#.....
###§#.....#######.
#†#.....# #.
########.#.....#
#.
#........#.....#
#.
###.####.#.....#
#. #.# ###.....#
#. #.# #.....#
#.######.....#


You could see a killer bee.

Vanquished Creatures
  An elephant (D:7)
  Maurice (D:8)
  A hippogriff (D:8)
  A spriggan (D:7)
  Sigmund (D:3)
  Edmund (D:5)
  2 ice beasts
  A hornet zombie (D:6)
  An ogre (D:5)
  A sky beast (D:5)
  A black bear (D:8)
  3 orc warriors (D:7)
  2 phantoms (D:5)
  2 centaurs (D:7)
  2 crocodiles
  Blork the orc (D:6)
  2 scorpions (D:4)
  5 killer bees (D:8)
  3 wights (D:7)
  5 howler monkeys
  2 crimson imps
  A centaur zombie (D:6)
  4 orc priests
  2 centaur skeletons
  5 hounds
  A bullfrog skeleton (D:5)
  Crazy Yiuf (D:7)
  3 orc wizards
  5 worker ants
  An iguana (D:7)
  A hound skeleton (D:5)
  A worker ant zombie (D:7)
  4 gnolls (D:4)
  9 adders
  2 howler monkey skeletons (D:7)
  A shadow imp (D:6)
  2 oozes
  An adder skeleton (D:5)
  3 worms
  3 dart slugs
  4 leopard geckos
  32 orcs
  A ball python (D:7)
  3 giant cockroaches (D:4)
  9 goblins
  12 hobgoblins
  15 jackals
  6 kobolds
  A quokka (D:3)
  15 bats
  3 frilled lizards
  A jackal skeleton (D:4)
  A leopard gecko skeleton (D:4)
  13 rats
205 creatures vanquished.

Vanquished Creatures (others)
  A fungus (D:8)
1 creature vanquished.

Grand Total: 206 creatures vanquished

Notes
Turn   | Place    | Note
-------+----------+-------------------------------------------
     0 | D:1      | Gorglomux the Formicid Fighter began the quest for the Orb.
     0 | D:1      | Reached XP level 1. HP: 18/18 MP: 1/1
   221 | D:1      | Reached XP level 2. HP: 22/24 MP: 2/2
   414 | D:1      | Reached XP level 3. HP: 29/29 MP: 3/3
   443 | D:1      | Reached skill level 4 in Shields
   849 | D:2      | Reached XP level 4. HP: 35/37 MP: 4/4
  1246 | D:2      | Found an opulent altar of Gozag.
  1343 | D:2      | Reached XP level 5. HP: 40/42 MP: 5/5
  1344 | D:2      | Reached skill level 3 in Axes
  2114 | D:3      | Noticed Sigmund
  2144 | D:3      | Killed Sigmund
  2144 | D:3      | Reached skill level 5 in Shields
  2144 | D:3      | Reached XP level 6. HP: 27/49 MP: 6/6
  2301 | D:3      | Noticed an ice beast
  2320 | D:3      | Killed an ice beast
  2320 | D:3      | Reached XP level 7. HP: 16/55 MP: 7/7
  3092 | D:4      | Found a staircase to the Ecumenical Temple.
  3131 | D:4      | Found a shadowy altar of Dithmenos.
  3135 | Temple   | Entered the Ecumenical Temple
  3295 | Temple   | Became a worshipper of the Wu Jian Council
  3935 | D:4      | Reached skill level 6 in Shields
  4233 | D:5      | Entered Level 5 of the Dungeon
  4243 | D:5      | Reached XP level 8. HP: 55/63 MP: 8/8
  4449 | D:5      | Reached skill level 6 in Fighting
  4449 | D:5      | Reached skill level 6 in Armour
  4539 | D:5      | Noticed Edmund
  4560 | D:5      | Killed Edmund
  4862 | D:5      | Reached * piety under Wu Jian
  4862 | D:5      | Reached skill level 7 in Shields
  4916 | D:5      | Reached XP level 9. HP: 24/71 MP: 9/9
  5187 | D:5      | Found a deep blue altar of Sif Muna.
  5437 | D:6      | Found a glowing silver altar of Zin.
  5437 | D:6      | Found a burning altar of Makhleb.
  5438 | D:6      | Noticed a blizzard demon
  5438 | D:6      | Noticed an angel
  5861 | D:6      | HP: 2/71 [orc warrior/war axe (10)]
  6177 | D:7      | Reached skill level 6 in Axes
  6551 | D:7      | Reached skill level 8 in Shields
  6716 | D:7      | Found a blossoming altar of Fedhas.
  7057 | D:7      | Reached ** piety under Wu Jian
  7072 | D:7      | Found a hide-covered altar of Uskayaw.
  7083 | D:7      | Found a stormy altar of Qazlal.
  7357 | D:7      | Found a runed door.
  7397 | D:7      | Reached XP level 10. HP: 80/80 MP: 10/10
  7494 | D:8      | Found a staircase to the Lair.
  7494 | D:8      | Noticed an elephant
  7497 | D:8      | Noticed Maurice
  7537 | D:7      | HP: 4/80 [crocodile (8)]
  7872 | D:6      | Noticed Blork the orc
  7881 | D:6      | Killed Blork the orc
  8392 | D:7      | Killed an elephant
  8392 | D:7      | Reached skill level 9 in Shields
  8597 | D:7      | Noticed Crazy Yiuf
  8601 | D:7      | Killed Crazy Yiuf
  8688 | D:8      | Killed Maurice
  9220 | D:8      | HP: 3/82 [killer bee (4)]
  9220 | D:8      | Slain by a killer bee

Skill      XL: |  1  2  3  4  5  6  7  8  9 10 |
---------------+-------------------------------+-----
Shields        | 4 5 6 7 8 9 |  9.5
Fighting       | 4 5 6 7 8 |  8.8
Armour         | 4 5 6 7 8 |  8.8
Axes           | 3 4 5 6 7 |  7.6

Action                   |  1- 3 |  4- 6 |  7- 9 | 10-12 || total
-------------------------+-------+-------+-------+-------++-------
Melee: War axe           |   114 |   172 |   461 |   161 ||   908
Invok: Lunge             |       |       |    16 |     3 ||    19
       Whirlwind         |       |       |    77 |    10 ||    87
       Wall Jump         |       |       |       |    15 ||    15
 Abil: Dig               |     1 |       |     4 |     3 ||     8
       Wall Jump         |       |       |       |     4 ||     4
  Use: Potion            |       |       |     5 |     1 ||     6
 Stab: Distracted        |       |       |     1 |       ||     1
  Eat: Chunk             |       |     5 |    14 |     7 ||    26
       Ration            |       |       |     1 |       ||     1
Armor: Scale mail        |    72 |    95 |   176 |    60 ||   403
Dodge: Dodged            |    52 |    88 |   129 |    70 ||   339
Block: Shield            |    85 |   113 |   254 |   113 ||   565
